EL
NEW HAMPSHIRE FISHER CATS @ AKRON RUBBERDUCKS
09/25/2044
 
TOP OF THE 1ST
New Hampshire Fisher Cats batting - Pitching for Akron RubberDucks : RHP Andy Coats
Pitching: RHP Andy Coats
Batting: LHB Ray Whitehead 0-0: Called Strike
0-1: Called Strike
0-2: Foul Ball, location: 2F
0-2: Foul Ball, location: 2F
0-2: Ground out 5-3 (Groundball, 5, EV 89.4 MPH)
Batting: LHB Sumiki Okuhara 0-0: Ball
1-0: Foul Ball, location: 2F
1-1: Foul Ball, location: 2F
1-2: Ball
2-2: Reached on error, E2 (Groundball, 15S, EV 68.8 MPH)
Batting: RHB Donny Burnside 0-0: Swinging Strike
0-1: Foul Ball, location: 2F
0-2: Ball
1-2: Ball
2-2: Ball
Sumiki Okuhara steals 2nd base
3-2: Foul Ball, location: 2F
3-2: Base on Balls
Batting: RHB Greg Callaghan 0-0: Ball
1-0: Ball
2-0: Fly out, F8 (Flyball, 8RS, EV 83.1 MPH)
Batting: RHB Jorge Baret 0-0: Fielders Choice at 2nd, 5-4 (Groundball, 56, EV 99.4 MPH)
Top of the 1st over - 0 runs, 0 hits, 1 error, 2 left on base; New Hampshire 0 - Akron 0
BOTTOM OF THE 1ST
Akron RubberDucks batting - Pitching for New Hampshire Fisher Cats : RHP David Murphy
Pitching: RHP David Murphy
Batting: LHB Nick Welling 0-0: Bunt for hit to 15 - play at first, batter OUT! 1-3
Batting: LHB Corey Trevor 0-0: Ball
1-0: Called Strike
1-1: Called Strike
1-2: DOUBLE (Flyball, 8LD, EV 108.8 MPH)
Batting: RHB Harris Leroux 0-0: Called Strike
0-1: Swinging Strike
0-2: Foul Ball, location: 2F
0-2: Ground out 5-3 (Groundball, 56, EV 81.2 MPH)
Batting: RHB Christian Blue 0-0: Ball
1-0: Ball
2-0: Ball
3-0: Called Strike
3-1: Swinging Strike
3-2: Foul Ball, location: 2F
3-2: Foul Ball, location: 2F
3-2: Strikes out looking
Bottom of the 1st over - 0 runs, 1 hit, 0 errors, 1 left on base; New Hampshire 0 - Akron 0
TOP OF THE 2ND
New Hampshire Fisher Cats batting - Pitching for Akron RubberDucks : RHP Andy Coats
Batting: RHB Charles Marcel 0-0: Ground out 6-3 (Groundball, 6, EV 83.1 MPH)
Batting: RHB Cyril Husson 0-0: Called Strike
0-1: Swinging Strike
0-2: Strikes out swinging
Batting: SHB Justin Veatch 0-0: Called Strike
0-1: Foul Ball, location: 2F
0-2: Foul Ball, location: 2F
0-2: Ball
1-2: Ball
2-2: Strikes out swinging
Top of the 2nd over - 0 runs, 0 hits, 0 errors, 0 left on base; New Hampshire 0 - Akron 0
BOTTOM OF THE 2ND
Akron RubberDucks batting - Pitching for New Hampshire Fisher Cats : RHP David Murphy
Batting: RHB Hieronim Rutkowski 0-0: Ball
1-0: Ball
2-0: Fly out, F4 (Popup, 4D, EV 70.6 MPH)
Batting: RHB Matt Thompson 0-0: Ball
1-0: Called Strike
1-1: Ball
2-1: Ball
3-1: Called Strike
3-2: Ground out 6-3 (Groundball, 6, EV 105.6 MPH)
Batting: RHB Mike Plugge 0-0: Called Strike
0-1: Ground out 4-3 (Groundball, 4, EV 90.0 MPH)
Bottom of the 2nd over - 0 runs, 0 hits, 0 errors, 0 left on base; New Hampshire 0 - Akron 0
TOP OF THE 3RD
New Hampshire Fisher Cats batting - Pitching for Akron RubberDucks : RHP Andy Coats
Batting: RHB Nick Wicker 0-0: Swinging Strike
0-1: Swinging Strike
0-2: Foul Ball, location: 2F
0-2: Ball
1-2: Ground out 4-3 (Groundball, 4S, EV 91.9 MPH)
Batting: LHB Ray Whitehead 0-0: Foul Ball, location: 2F
0-1: Foul Ball, location: 2F
0-2: Ball
1-2: Foul Ball, location: 2F
1-2: Ground out 6-3 (Groundball, 6, EV 79.4 MPH)
Batting: LHB Sumiki Okuhara 0-0: Ball
1-0: Ball
2-0: Foul Ball, location: 2F
2-1: Called Strike
2-2: Ball
3-2: Base on Balls
Batting: RHB Donny Burnside 0-0: Called Strike
0-1: Ball
Sumiki Okuhara steals 2nd base
1-1: Ball
2-1: Foul Ball, location: 2F
2-2: Strikes out looking
Top of the 3rd over - 0 runs, 0 hits, 0 errors, 1 left on base; New Hampshire 0 - Akron 0
BOTTOM OF THE 3RD
Akron RubberDucks batting - Pitching for New Hampshire Fisher Cats : RHP David Murphy
Batting: RHB Edwin Rivera 0-0: Ground out 6-3 (Groundball, 6MS, EV 81.2 MPH)
Batting: RHB Tony Ramirez 0-0: Called Strike
0-1: Foul Ball, location: 2F
0-2: Ball
1-2: Strikes out swinging
Batting: LHB Nick Welling 0-0: Swinging Strike
0-1: Ball
1-1: Fly out, F8 (Line Drive, 8LM, EV 87.5 MPH)
Bottom of the 3rd over - 0 runs, 0 hits, 0 errors, 0 left on base; New Hampshire 0 - Akron 0
TOP OF THE 4TH
New Hampshire Fisher Cats batting - Pitching for Akron RubberDucks : RHP Andy Coats
Batting: RHB Greg Callaghan 0-0: Ground out 1-3 (Groundball, P, EV 67.5 MPH)
Batting: RHB Jorge Baret 0-0: Foul Ball, location: 2F
0-1: Hit by Pitch
Batting: RHB Charles Marcel 0-0: Ball
1-0: Ball
2-0: Called Strike
2-1: Called Strike
2-2: Fly out, F8 (Flyball, 8LD, EV 100.6 MPH)
Batting: RHB Cyril Husson 0-0: Ball
1-0: Ball
2-0: Called Strike
2-1: SINGLE (Flyball, 89S, EV 93.8 MPH)
Jorge Baret to second
Runner from 2nd tries for 3rd, SAFE, throw by RF made to third
Batting: SHB Justin Veatch 0-0: Called Strike
0-1: Ground out 4-3 (Groundball, 4, EV 83.8 MPH)
Top of the 4th over - 0 runs, 1 hit, 0 errors, 2 left on base; New Hampshire 0 - Akron 0
BOTTOM OF THE 4TH
Akron RubberDucks batting - Pitching for New Hampshire Fisher Cats : RHP David Murphy
Batting: LHB Corey Trevor 0-0: Called Strike
0-1: Ball
1-1: Swinging Strike
1-2: Ball
2-2: Strikes out swinging
Batting: RHB Harris Leroux 0-0: Called Strike
0-1: Ball
1-1: Ball
2-1: Fly out, F7 (Line Drive, 7, EV 88.1 MPH)
Batting: RHB Christian Blue 0-0: Foul Ball, location: 2F
0-1: Ball
1-1: Foul Ball, location: 2F
1-2: Foul Ball, location: 2F
1-2: Ball
2-2: Foul Ball, location: 2F
2-2: Strikes out swinging
Bottom of the 4th over - 0 runs, 0 hits, 0 errors, 0 left on base; New Hampshire 0 - Akron 0
TOP OF THE 5TH
New Hampshire Fisher Cats batting - Pitching for Akron RubberDucks : RHP Andy Coats
Batting: RHB Nick Wicker 0-0: Foul Ball, location: 2F
0-1: Foul Ball, location: 2F
0-2: Strikes out looking
Batting: LHB Ray Whitehead 0-0: Ball
1-0: Ball
2-0: Foul Ball, location: 2F
2-1: Ball
3-1: Ground out 6-3 (Groundball, 4, EV 89.4 MPH)
Batting: LHB Sumiki Okuhara 0-0: Ball
1-0: Foul Ball, location: 2F
1-1: Ground out 6-3 (Groundball, 6, EV 93.8 MPH)
Top of the 5th over - 0 runs, 0 hits, 0 errors, 0 left on base; New Hampshire 0 - Akron 0
BOTTOM OF THE 5TH
Akron RubberDucks batting - Pitching for New Hampshire Fisher Cats : RHP David Murphy
Batting: RHB Hieronim Rutkowski 0-0: Called Strike
0-1: Foul Ball, location: 2F
0-2: Strikes out swinging
Batting: RHB Matt Thompson 0-0: Ball
1-0: Ball
2-0: SINGLE (Groundball, 56D, EV 95.6 MPH)
Batting: RHB Mike Plugge 0-0: Ball
1-0: Ball
2-0: Swinging Strike
2-1: Called Strike
2-2: Strikes out swinging
Batting: RHB Edwin Rivera 0-0: Ball
1-0: Foul Ball, location: 2F
1-1: Ground out 4-3 (Groundball, 4, EV 83.1 MPH)
Bottom of the 5th over - 0 runs, 1 hit, 0 errors, 1 left on base; New Hampshire 0 - Akron 0
TOP OF THE 6TH
New Hampshire Fisher Cats batting - Pitching for Akron RubberDucks : RHP Andy Coats
Batting: RHB Donny Burnside 0-0: Foul Ball, location: 2F
0-1: Ball
1-1: Ball
2-1: Ball
3-1: Base on Balls
Pitching: LHP Terry LaPlante
Batting: RHB Greg Callaghan 0-0: Called Strike
0-1: Ball
Donny Burnside is caught stealing 2nd base 2-4
1-1: Ball
2-1: Ball
3-1: Base on Balls
Batting: RHB Jorge Baret 0-0: Ball
Greg Callaghan steals 2nd base
1-0: SINGLE (Line Drive, 6M, EV 95.0 MPH)
Greg Callaghan to third
Batting: RHB Charles Marcel 0-0: Ball
1-0: Ball
2-0: Called Strike
2-1: Foul Ball, location: 2F
2-2: Ball
3-2: Base on Balls
Jorge Baret to second
Batting: RHB Cyril Husson 0-0: GRAND SLAM HOME RUN (Flyball, 78XD, EV 102.5 MPH), Distance : 403 ft
Pitching: RHP Jay Cowgill
Batting: SHB Justin Veatch 0-0: Ball
1-0: Swinging Strike
1-1: Ball
2-1: Ground out 4-3 (Groundball, 34, EV 106.9 MPH)
Batting: RHB Nick Wicker 0-0: Ball
1-0: Ball
2-0: Ball
3-0: Base on Balls
Batting: LHB Ray Whitehead 0-0: Called Strike
0-1: Ground out U3 (Groundball, 3, EV 83.1 MPH)
Top of the 6th over - 4 runs, 2 hits, 0 errors, 1 left on base; New Hampshire 4 - Akron 0
BOTTOM OF THE 6TH
Akron RubberDucks batting - Pitching for New Hampshire Fisher Cats : RHP David Murphy
Batting: RHB Tony Ramirez 0-0: Called Strike
0-1: Foul Ball, location: 2F
0-2: Ball
1-2: Foul Ball, location: 2F
1-2: Ground out 4-3 (Groundball, 4, EV 100.0 MPH)
Batting: LHB Nick Welling 0-0: Fly out, F8 (Line Drive, 8RD, EV 96.2 MPH)
Batting: LHB Corey Trevor 0-0: Ball
1-0: Swinging Strike
1-1: Fly out, F5 (Popup, 25F, EV 81.2 MPH)
Bottom of the 6th over - 0 runs, 0 hits, 0 errors, 0 left on base; New Hampshire 4 - Akron 0
TOP OF THE 7TH
New Hampshire Fisher Cats batting - Pitching for Akron RubberDucks : RHP Jay Cowgill
Pitching: RHP Nelson Peregrina
Batting: LHB Sumiki Okuhara 0-0: Ball
1-0: Ball
2-0: Ground out 4-3 (Groundball, 4, EV 98.8 MPH)
Batting: RHB Donny Burnside 0-0: Called Strike
0-1: Ground out 5-3 (Groundball, 56, EV 85.6 MPH)
Batting: RHB Greg Callaghan 0-0: Called Strike
0-1: Ball
1-1: Called Strike
1-2: Strikes out looking
Top of the 7th over - 0 runs, 0 hits, 0 errors, 0 left on base; New Hampshire 4 - Akron 0
BOTTOM OF THE 7TH
Akron RubberDucks batting - Pitching for New Hampshire Fisher Cats : RHP David Murphy
Now in CF: Dan Hilyer
Now in RF: Sumiki Okuhara
Batting: RHB Harris Leroux 0-0: Called Strike
0-1: Ball
1-1: Foul Ball, location: 2F
1-2: Ball
2-2: Ball
3-2: Foul Ball, location: 2F
3-2: SINGLE (Groundball, 6MD, EV 108.8 MPH)
Batting: RHB Christian Blue 0-0: Ball
1-0: Foul Ball, location: 2F
1-1: Called Strike
1-2: Foul Ball, location: 2F
1-2: Grounds into double play, 4-6-3 (Groundball, 4, EV 88.1 MPH)
Batting: RHB Hieronim Rutkowski 0-0: Ball
1-0: Foul Ball, location: 2F
1-1: Foul Ball, location: 2F
1-2: Foul Ball, location: 2F
1-2: Fly out, F7 (Flyball, 7D, EV 96.9 MPH)
Bottom of the 7th over - 0 runs, 1 hit, 0 errors, 0 left on base; New Hampshire 4 - Akron 0
TOP OF THE 8TH
New Hampshire Fisher Cats batting - Pitching for Akron RubberDucks : RHP Nelson Peregrina
Batting: RHB Jorge Baret 0-0: Fly out, F4 (Popup, 13, EV 81.2 MPH)
Batting: RHB Charles Marcel 0-0: Ball
1-0: Ground out 4-3 (Groundball, 4MD, EV 85.6 MPH)
Batting: RHB Cyril Husson 0-0: Swinging Strike
0-1: Called Strike
0-2: Foul Ball, location: 2F
0-2: Ball
1-2: Strikes out looking
Top of the 8th over - 0 runs, 0 hits, 0 errors, 0 left on base; New Hampshire 4 - Akron 0
BOTTOM OF THE 8TH
Akron RubberDucks batting - Pitching for New Hampshire Fisher Cats : RHP David Murphy
Batting: RHB Matt Thompson 0-0: Foul Ball, location: 2F
0-1: Ball
1-1: Ball
2-1: Swinging Strike
2-2: Strikes out swinging
Batting: RHB Mike Plugge 0-0: Ground out 6-3 (Groundball, 6, EV 82.5 MPH)
Batting: RHB Edwin Rivera 0-0: Swinging Strike
0-1: Foul Ball, location: 2F
0-2: Strikes out swinging
Bottom of the 8th over - 0 runs, 0 hits, 0 errors, 0 left on base; New Hampshire 4 - Akron 0
TOP OF THE 9TH
New Hampshire Fisher Cats batting - Pitching for Akron RubberDucks : RHP Nelson Peregrina
Batting: SHB Justin Veatch 0-0: Called Strike
0-1: Fly out, F7 (Flyball, 7D, EV 94.4 MPH)
Batting: RHB Nick Wicker 0-0: Foul Ball, location: 2F
0-1: Ball
1-1: Ball
2-1: Foul Ball, location: 2F
2-2: Foul Ball, location: 2F
2-2: Strikes out swinging
Batting: RHB Dan Hilyer 0-0: TRIPLE (Flyball, 89XD, EV 92.5 MPH)
Batting: LHB Sumiki Okuhara 0-0: Called Strike
0-1: Called Strike
0-2: Strikes out swinging, 2-3 out at first.
Top of the 9th over - 0 runs, 1 hit, 0 errors, 1 left on base; New Hampshire 4 - Akron 0
BOTTOM OF THE 9TH
Akron RubberDucks batting - Pitching for New Hampshire Fisher Cats : RHP David Murphy
Pitching: LHP Vinny Zavala
Batting: RHB Tony Ramirez 0-0: Ball
1-0: Foul Ball, location: 2F
1-1: Called Strike
1-2: Ball
2-2: Strikes out swinging
Batting: LHB Nick Welling 0-0: Called Strike
0-1: Ball
1-1: Called Strike
1-2: Ball
2-2: Strikes out looking
Batting: LHB Corey Trevor 0-0: Ball
1-0: Ground out U3 (Groundball, 13, EV 81.2 MPH)
Bottom of the 9th over - 0 runs, 0 hits, 0 errors, 0 left on base; New Hampshire 4 - Akron 0
Thursday, March 31st , 2022 - OOTP Baseball 22.12 Build 89